 Dungeon Crawl Stone Soup version 0.19.1-1-g22dce08 (webtiles) character file.

13883 Gargoyl the Cleaver (level 12, -2/102 HPs)
             Began as a Ghoul Abyssal Knight on Jan 12, 2017.
             Was a High Priest of Lugonu.
             Slain by a blink frog (12 damage)
             ... on level 5 of the Lair of Beasts.
             The game lasted 00:32:03 (12795 turns).

Gargoyl the Cleaver (Ghoul Abyssal Knight)         Turns: 12795, Time: 00:32:05

Health: -2/102     AC: 29    Str: 22    XL:     12   Next: 10%
Magic:  10/17      EV:  7    Int:  7    God:    Lugonu [*****.]
Gold:   286        SH:  6    Dex: 11    Spells: 0 memorised, 11 levels left

rFire  . . .     SeeInvis .     B - +4 broad axe
rCold  + . .     Gourm    .     u - +3 plate armour
rNeg   + + +     Faith    .     v - +2 buckler {AC+3}
rPois  ∞         Spirit   .     s - +2 hat
rElec  .         Reflect  .     l - +2 cloak {rPois}
rCorr  .         Harm     .     F - +2 pair of gloves
MR     +....                    (no boots)
Stlth  ..........               (no amulet)
                                C - +4 ring of strength
                                d - ring of protection from magic

@: rotting
A: rotting body, claws 1, carnivore 3, cold resistance 1, negative energy
resistance 3, slow regeneration 1, torment resistance, unbreathing
a: Depart the Abyss, Bend Space, Banish, Corrupt, Enter the Abyss, Renounce
Religion


You were on level 5 of the Lair of Beasts.
You worshipped Lugonu.
Lugonu was extremely pleased with you.
You were not hungry.

You visited 2 branches of the dungeon, and saw 14 of its levels.
You visited the Abyss 1 time.
You also visited: Ossuary.

You collected 818 gold pieces.
You spent 532 gold pieces at shops.

Inventory:

Hand Weapons
 m - a +0 war axe
 y - the +10 rapier of Scorn {pierce, rElec Dex-5 SInv}
   (You found it on level 5 of the Dungeon)

   It inflicts extra damage upon your enemies.
   It affects your dexterity (-5).
   It insulates you from electricity.
   It lets you see invisible.
 B - a +4 broad axe (weapon)
Missiles
 j - 8 tomahawks (quivered)
Armour
 l - a +2 cloak of poison resistance (worn)
 s - a +2 hat (worn)
 u - a +3 plate armour (worn)
 v - a +2 buckler of protection (worn)
 F - a +2 pair of gloves (worn)
Jewellery
 d - a ring of protection from magic (left hand)
 w - an uncursed ring of protection from fire
 z - a cursed ring of protection from cold
 C - a +4 ring of strength (right hand)
Wands
 x - a wand of lightning (1/15)
 A - a wand of paralysis (9/24)
 E - a wand of lightning (6/15)
 H - a wand of acid (3/15)
Scrolls
 a - a scroll of amnesia
 f - 3 scrolls of blinking
 g - 6 scrolls of teleportation
 h - 10 scrolls of remove curse
 o - 3 scrolls of fear
 r - 3 scrolls of fog
 I - a scroll of magic mapping {unknown}
 K - a scroll of brand weapon {unknown}
Potions
 b - 4 potions of haste
 i - 2 potions of brilliance
 n - a potion of resistance
 q - 2 potions of curing
 t - 4 potions of might
 G - a potion of heal wounds
Books
 e - a book of Necromancy

   Spells                             Type                      Level
   a - Pain                           Necromancy                   1
   b - Animate Skeleton               Necromancy                   1
   c - Vampiric Draining              Necromancy                   3
   d - Regeneration                   Charms/Necromancy            3
   e - Animate Dead                   Necromancy                   4
   f - Control Undead                 Necromancy                   4
Comestibles
 c - 7 meat rations
 k - 7 chunks of flesh
 p - 4 beef jerkies
 D - 2 royal jellies
 J - a slice of pizza


   Skills:
 + Level 8.2 Fighting
 + Level 10.8 Axes
 + Level 1.1 Throwing
 * Level 9.4 Armour
 + Level 3.0 Dodging
 + Level 2.2 Shields
 * Level 9.3 Invocations


You had 11 spell levels left.
You didn't know any spells.

Dungeon Overview and Level Annotations

Branches:
Dungeon (10/15)            Temple (0/1) D:5            Lair (3/6) D:9
  Swamp (0/4) Lair:3
  Snake: Lair:2-4    Spider: Lair:2-4       Orc: D:9-12

Altars:
Dithmenos
Fedhas
Makhleb
Qazlal
Ru
Sif Muna
Vehumet
The Shining One

Shops:
D:5 *   D:7 (   D:8 *

Annotations:
D:2 Sigmund
Abyss:1 Pikel, Prince Ribbit


Innate Abilities, Weirdness & Mutations

Your body is rotting away.
You thrive on raw meat.
You are immune to poison.
You have sharp fingernails.
You are carnivorous and can eat meat at any time.
Your flesh is cold resistant. (rC+)
You are immune to negative energy. (rN+++)
You regenerate slowly when monsters are visible.
You are immune to unholy pain and torment.
You can survive without breathing.


Message History

You kill the yak!
Lugonu accepts your kill.
You barely miss the black mamba. You hit the yak.
The blink frog blinks!
The black mamba bites you but does no damage.
The yak gores you but does no damage.
The black mamba bites you but does no damage.
The blink frog blinks!
The black mamba bites you!
* * * LOW HITPOINT WARNING * * *
The yak barely misses you.
The blink frog hits you but does no damage. x2
The blink frog blinks!
You block the black mamba's attack.
You see here a yak corpse.
You butcher the yak corpse.
The blink frog hits you.
* * * LOW HITPOINT WARNING * * *
The blink frog barely misses you.
The blink frog blinks!
The black mamba bites you but does no damage.
The yak gores you.
* * * LOW HITPOINT WARNING * * *
The blink frog blinks!
The blink frog hits you!
You die...

###......
#..........
##..........
..........#
♣.........#
....§...P#
#.#......###
###Y#F§......##
#P..@§......§..
#.F.S§.........
#.......%......
#........%=%...
#...#.....P...#.
..§..#....%.$%%.#
..........%...%...
.F...........F.....
...................


You could see a black mamba, a yak and 4 blink frogs.

Vanquished Creatures
  Erica (D:8)
  An ugly thing (D:10)
  A cyclops (D:10)
  A gargoyle (D:10)
  5 spiny frogs
  A komodo dragon (Lair:2)
  A troll (D:9)
  A hornet (D:9)
  A two-headed ogre (D:8)
  A polar bear (D:8)
  5 hippogriffs
  5 yaks
  2 basilisks
  2 water moccasins
  Duvessa (D:4)
  3 orc warriors
  2 hell hounds (D:9)
  3 sky beasts (D:10)
  2 ice beasts
  A black bear (Lair:1)
  2 ogres
  4 phantoms
  6 wolves (Lair:1)
  2 centaurs
  2 big kobolds
  2 crocodiles
  13 bullfrogs
  Dowan (D:4)
  3 scorpions
  7 wights
  3 jellies
  A bullfrog zombie (D:8)
  2 electric eels
  5 howler monkeys
  3 crimson imps
  10 orc wizards
  A bullfrog skeleton (D:10)
  5 orc priests
  5 hounds
  Jessica (D:3)
  5 iguanas
  Ijyb (D:2)
  Natasha (D:2)
  6 worker ants
  A killer bee zombie (D:10)
  A centaur simulacrum (D:8)
  A hound zombie (D:5)
  A hound skeleton (D:8)
  3 mummies (Ossuary)
  7 gnolls
  11 adders
  A shadow imp (D:7)
  2 white imps (D:8)
  A worker ant simulacrum (D:8)
  3 oozes
  6 adder zombies (Ossuary)
  4 worms
  2 dart slugs
  4 leopard geckos
  33 orcs
  5 bats
  6 giant cockroaches
  3 goblins (D:2)
  9 hobgoblins
  10 jackals
  4 quokkas
  A ball python (D:4)
  3 frilled lizards
  2 goblin zombies (Ossuary)
  4 hobgoblin zombies (Ossuary)
  2 jackal skeletons
  A jackal zombie (D:6)
  29 kobolds
  A kobold zombie (Ossuary)
  2 quokka skeletons
  3 quokka zombies
  7 rats
  3 rat zombies (Ossuary)
  3 fungi
310 creatures vanquished.

Vanquished Creatures (others)
  The ghost of Execuda the Basher, a journeyman GrGl of Okawaru (Lair:5)
  The ghost of fatfloppyjuicyveiny the Martial Artist, a journeyman OpMo of Gozag (Lair:2)
  The ghost of McKennaii the Zephyrmancer, a novice HEAE of Sif Muna (D:7)
  A phantom (D:5)
  A crimson imp (D:10)
  A hound (D:4)
  A shadow imp (D:5)
  A white imp (D:8)
  A leopard gecko (D:5)
  2 jackals (D:5)
  A quokka skeleton (D:5)
  2 fungi (D:8)
  4 plants (D:8)
18 creatures vanquished.

Grand Total: 328 creatures vanquished

Notes
Turn   | Place    | Note
-------+----------+-------------------------------------------
     0 | Abyss:1  | Gargoyl the Ghoul Abyssal Knight began the quest for the Orb.
     0 | Abyss:1  | Reached XP level 1. HP: 19/19 MP: 1/1
    11 | Abyss:1  | Found a blossoming altar of Fedhas.
    55 | Abyss:1  | Noticed a thrashing horror
    55 | D:1      | Escaped the Abyss
   181 | D:1      | Reached * piety under Lugonu
   318 | D:1      | Reached XP level 2. HP: 26/26 MP: 2/2
   367 | D:1      | Reached skill level 2 in Axes
   980 | D:2      | Reached XP level 3. HP: 33/33 MP: 3/3
  1281 | D:2      | Noticed Ijyb
  1293 | D:2      | Killed Ijyb
  1293 | D:2      | Reached skill level 1 in Dodging
  1293 | D:2      | Reached XP level 4. HP: 34/40 MP: 4/4
  1299 | D:2      | Noticed Sigmund
  1433 | D:1      | Noticed an ogre
  1998 | D:2      | Reached XP level 5. HP: 37/46 MP: 6/6
  2003 | D:2      | Reached ** piety under Lugonu
  2239 | D:2      | Noticed Natasha
  2255 | D:2      | Killed Natasha
  2255 | D:2      | Reached skill level 3 in Axes
  2661 | D:3      | Noticed Jessica
  2682 | D:3      | Killed Jessica
  2808 | D:3      | Reached XP level 6. HP: 23/53 MP: 7/7
  3494 | D:4      | Noticed a phantom
  3540 | D:4      | Killed a phantom
  3764 | D:4      | Reached *** piety under Lugonu
  3783 | D:4      | Reached XP level 7. HP: 42/60 MP: 8/8
  4000 | D:4      | Found a shadowy altar of Dithmenos.
  4056 | D:4      | Noticed Duvessa
  4056 | D:4      | Noticed Dowan
  4074 | D:4      | Reached skill level 4 in Axes
  4081 | D:4      | Killed Duvessa
  4119 | D:4      | Killed Dowan
  4119 | D:4      | Reached skill level 5 in Fighting
  4919 | D:4      | Reached XP level 8. HP: 22/68 MP: 10/10
  5520 | D:5      | Entered Level 5 of the Dungeon
  5520 | D:5      | Noticed Pikel
  5528 | D:4      | Banished Pikel
  5528 | D:4      | Reached skill level 5 in Axes
  5528 | D:4      | Reached skill level 5 in Armour
  5528 | D:4      | Reached skill level 5 in Invocations
  5673 | D:5      | Found Firrow's General Store.
  5677 | D:5      | Bought 2 potions of haste for 220 gold pieces
  5910 | D:5      | Found a burning altar of Makhleb.
  5910 | D:5      | Found a radiant altar of Vehumet.
  5945 | D:5      | Found a staircase to the Ecumenical Temple.
  6000 | D:5      | Got a smoking rapier
  6007 | D:5      | Identified the +10 rapier of Scorn {pierce, rElec Dex-5 SInv} (You found it on level 5 of the Dungeon)
  6175 | D:5      | Noticed Prince Ribbit
  6194 | D:5      | Banished Prince Ribbit
  6555 | D:6      | Reached **** piety under Lugonu
  6694 | D:6      | Reached XP level 9. HP: 70/74 MP: 12/12
  6972 | D:6      | Reached skill level 6 in Axes
  7291 | D:7      | Found Beotacej's Antique Weapon Shop.
  7300 | D:7      | Bought a broad axe for 92 gold pieces
  7354 | D:7      | Found a sand-covered staircase.
  7363 | Ossuary  | Entered an ossuary
  7577 | D:7      | Found a sacrificial altar of Ru.
  7593 | D:7      | Noticed McKennaii's ghost (novice HEAE)
  7662 | D:7      | Killed McKennaii's ghost
  7709 | D:7      | Reached ***** piety under Lugonu
  7889 | D:7      | Reached skill level 7 in Axes
  8556 | D:8      | Noticed a two-headed ogre
  8560 | D:8      | Killed a two-headed ogre
  8560 | D:8      | Reached XP level 10. HP: 79/84 MP: 14/14
  8805 | D:8      | Reached skill level 8 in Axes
  8874 | D:8      | Reached skill level 1 in Throwing
  8879 | D:8      | Found a glowing golden altar of the Shining One.
  8879 | D:8      | Found a deep blue altar of Sif Muna.
  9034 | D:8      | Found Tuppyequq's Assorted Antiques.
  9088 | D:8      | Noticed Erica
  9140 | D:8      | Killed Erica
  9453 | D:8      | Found a stormy altar of Qazlal.
  9459 | D:8      | Found a blossoming altar of Fedhas.
  9839 | D:8      | Bought a glowing buckler for 220 gold pieces
  9944 | D:9      | Reached skill level 9 in Axes
 10062 | D:9      | Found a staircase to the Lair.
 10223 | D:10     | Entered Level 10 of the Dungeon
 10242 | D:10     | Reached XP level 11. HP: 81/92 MP: 15/15
 10315 | D:10     | Noticed a cyclops
 10329 | D:10     | Killed a cyclops
 10487 | D:10     | Noticed a green ugly thing
 10505 | D:10     | Killed a green ugly thing
 10972 | Lair:1   | Entered Level 1 of the Lair of Beasts
 10982 | Lair:1   | Reached skill level 10 in Axes
 10982 | Lair:1   | Reached skill level 1 in Shields
 11782 | Lair:2   | Found a blossoming altar of Fedhas.
 11788 | Lair:2   | Noticed fatfloppyjuicyveiny's ghost (journeyman OpMo)
 11831 | Lair:2   | Banished fatfloppyjuicyveiny's ghost
 12729 | Lair:3   | Found a staircase to the Swamp.
 12741 | Lair:3   | Reached XP level 12. HP: 84/101 MP: 17/17
 12770 | Lair:3   | You fall through a shaft for 2 floors!
 12779 | Lair:5   | Noticed Execuda's ghost (journeyman GrGl)
 12785 | Lair:5   | Banished Execuda's ghost
 12795 | Lair:5   | Slain by a blink frog

Skill      XL: |  1  2  3  4  5  6  7  8  9 10 11 |
---------------+----------------------------------+-----
Armour         | 2 3 4 5 6 8 9 |  9.4
Axes           | 2 3 4 5 7 9 10 | 10.8
Fighting       | 4 5 6 7 8 |  8.2
Dodging        | 1 2 3 |  3.0
Invocations    | 3 4 5 6 7 9 |  9.3
Throwing       | 1 |  1.1
Shields        | 2 |  2.2

Action                   |  1- 3 |  4- 6 |  7- 9 | 10-12 || total
-------------------------+-------+-------+-------+-------++-------
Melee: Hand axe          |    93 |   315 |   389 |       ||   797
       Broad axe         |       |       |   159 |   548 ||   707
Throw: Tomahawk          |       |       |     6 |    12 ||    18
Invok: Depart the Abyss  |     1 |       |       |       ||     1
       Banish            |       |       |     3 |     5 ||     8
       Bend Space        |       |       |       |     1 ||     1
  Use: Scroll            |     1 |     8 |    12 |     8 ||    29
       Potion            |       |     6 |     4 |    10 ||    20
  Eat: Chunk             |    10 |    26 |    83 |    88 ||   207
Armor: Leather armour    |    27 |    45 |       |       ||    72
       Ring mail         |       |    52 |       |       ||    52
       Scale mail        |       |       |   206 |       ||   206
       Plate armour      |       |       |   217 |   546 ||   763
Dodge: Dodged            |    47 |   188 |   271 |   244 ||   750
Block: Buckler           |       |       |       |   146 ||   146
